 Dungeon Crawl Stone Soup version 0.29-a0-96-g93358da72b (webtiles) character file.

Game seed: 1306319240401896104

107 Grim the Ruffian (level 4, -6/38 HPs)
             Began as a Ghoul Monk on Feb 12, 2022.
             Killed from afar by an orc wizard (7 damage)
             ... with a puff of flame
             ... on level 3 of the Dungeon.
             The game lasted 00:03:54 (3008 turns).

Grim the Ruffian (Ghoul Monk)                       Turns: 3008, Time: 00:03:54

Health: -6/38      AC:  3    Str: 14    XL:     4   Next: 85%
Magic:  3/3        EV: 12    Int:  7    God:
Gold:   45         SH:  0    Dex: 11    Spells: 3/3 levels left

rFire   . . .      SeeInvis .     - Unarmed
rCold   + . .      Faith    .   (no shield)
rNeg    + + +      Spirit   .   l - +0 leather armour
rPois   ∞          Reflect  .   (no helmet)
rElec   .          Harm     .   (no cloak)
rCorr   .          Rampage  .   (no gloves)
Will    .....                   (no boots)
Stlth   ++........              (no amulet)
HPRegen 0.00/turn               (no ring)
MPRegen 0.08/turn               (no ring)

@: inhibited regen
A: claws 1, cold resistance 1, negative energy resistance 3, inhibited
regeneration, torment resistance 2
a: no special abilities


You were on level 3 of the Dungeon.
You visited 1 branch of the dungeon, and saw 3 of its levels.

You collected 45 gold pieces.

Inventory:

Missiles
 k - 67 stones (quivered)
 n - 3 boomerangs
Armour
 a - a +0 robe
 l - a +0 leather armour (worn)
Scrolls
 c - a scroll of noise {unknown}
 f - a scroll of fear {unknown}
 h - 2 scrolls of immolation {unknown}
 i - 2 scrolls of fog {unknown}
 j - a scroll of identify {unknown}
 m - a scroll of amnesia {unknown}
Potions
 b - a potion of brilliance {unknown}
 d - a potion of heal wounds {unknown}
 e - a potion of invisibility {unknown}
 g - 3 potions of might {unknown}


   Skills:
 - Level 3.2 Fighting
 - Level 2.6 Dodging
 - Level 2.1 Stealth
 + Level 5.9 Unarmed Combat


You had 3 spell levels left.
You didn't know any spells.
Your spell library contained the following spells:

 Spells                   Type           Power      Damage    Failure   Level
 Pain                     Necr           0%         1d4       52%         1
 Sandblast                Erth           0%         2d4       52%         1
 Passwall                 Tmut/Erth      0%         N/A       65%         2
 Stone Arrow              Conj/Erth      0%         3d7       87%         3
 Agony                    Necr           0%         N/A       100%        5
 Excruciating Wounds      Necr           0%         N/A       100%        5


Dungeon Overview and Level Annotations

Branches:
Dungeon (3/15)

Altars:

Annotations:
D:3 2 transporters, dcsswall's ghost, amateur HOFi


Innate Abilities, Weirdness & Mutations

You thrive by killing the living.
You are immune to poison.
You have sharp fingernails.
Your flesh is cold resistant. (rC+)
You are immune to negative energy. (rN+++)
You do not regenerate when monsters are visible.
You are immune to unholy pain and torment.


Message History

You hear some strange, mumbled words.
You are confused.
The rat misses you.
You miss something. Something hits you. The rat bites you.
You hear some strange, mumbled words.
Something tries to affect you, but you resist.
The rat barely misses you. Something hits you. The rat closely misses you.
There is a stone staircase leading up here.
You miss something.
You hear some strange, mumbled words.
A puff of flame appears from out of thin air!
The puff of flame hits you!
* * * LOW HITPOINT WARNING * * *
The rat barely misses you.
You bump into the rock wall.
Something hits you.
* * * LOW HITPOINT WARNING * * *
The rat bites you.
* * * LOW HITPOINT WARNING * * *
You bump into the rock wall.
Something hits you.
* * * LOW HITPOINT WARNING * * *
The rat misses you.
You scratch the rat.
You kill the rat!
Something hits you but does no damage.
You bump into the rock wall.
You feel less confused.
You hear some strange, mumbled words.
A puff of flame appears from out of thin air!
The puff of flame hits you!
* * * LOW HITPOINT WARNING * * *
You completely miss something. Something hits you but does no damage.
You miss something. Your claw misses something. Something hits you.
* * * LOW HITPOINT WARNING * * *
Unknown command.
You closely miss something.
You hear some strange, mumbled words.
A puff of flame appears from out of thin air!
The puff of flame hits you!
You die...

...................
..........
######.###.)#.#..###.#####.##
#.#.#..# #..#.#.#.....#.
#.#.#..###..#.#.#.#####.
#...............#.# #...
######...#.##.....# #...
##....##########...
#{.####....##.....
#@†###......##....
#####...#........†.###
##.......#........### #
##.....#..#........# #
###..................# #
#...........##......######
#.#..........##....##.....
#.##.....#....######......
#.###....###.#.##.##.#####


There were no monsters in sight!

Vanquished Creatures
  An adder (D:2)
  3 worms (D:2)
  5 orcs
  6 bats
  6 endoplasms
  16 giant cockroaches
  4 goblins
  6 hobgoblins
  4 kobolds
  2 quokkas
  6 ball pythons
  11 frilled lizards
  6 rats
76 creatures vanquished.

Notes
Turn   | Place    | Note
-------+----------+-------------------------------------------
     0 | D:1      | Grim the Ghoul Monk began the quest for the Orb.
     0 | D:1      | Reached XP level 1. HP: 19/19 MP: 0/0
   115 | D:1      | Reached XP level 2. HP: 26/26 MP: 1/1
   150 | D:1      | Reached skill level 4 in Unarmed Combat
   402 | D:1      | Reached XP level 3. HP: 28/31 MP: 2/2
   875 | D:2      | Reached skill level 5 in Unarmed Combat
  1435 | D:2      | Reached XP level 4. HP: 24/38 MP: 3/3
  2355 | D:3      | Found a transporter.
  2355 | D:3      | Noticed dcsswall's ghost (amateur HOFi)
  2358 | D:3      | Found a transporter.
  3007 | D:3      | HP: 1/38 [something (1)]
  3008 | D:3      | Killed from afar by an orc wizard

Illustrated notes

Levels and vault maps discovered:
D:1:      dpeg_arrival_boxorama, layout_basic, serial_curves, eino_curves_03,
          eino_curves_02, minivault_19, hangedman_decor_push
D:2:      layout_loops_ring, hangedman_decor_lopped, roderic_serpentine_path,
          grunt_decor_resistance
D:3:      minmay_roachtagon, layout_loops_ring, gammafunk_ghost_arena,
          minmay_misc_feat_pillars, chequers_serial_rivers_small_b,
          minmay_misc_feat_nine_boxes

Skill      XL: |  1  2  3 |
---------------+----------+-----
Unarmed Combat | 4 5 |  5.9
Fighting       | |  3.2
Dodging        | |  2.6
Stealth        | |  2.1

Action                   |  1- 3 |  4- 6 || total
-------------------------+-------+-------++-------
Melee: Unarmed           |   107 |   110 ||   217
       Punch             |     4 |     5 ||     9
 Stab: Sleeping          |     5 |     2 ||     7
Armor: Robe              |    21 |     8 ||    29
       Leather armour    |       |    21 ||    21
Dodge: Dodged            |    46 |    75 ||   121

Table legend: (Time is in decaauts)
 A = Elapsed time spent in this place.
 B = Non-inter-level travel time spent in this place.
 C = Inter-level travel time spent in this place.
 D = Time resting spent in this place.
 E = Time spent auto-exploring this place.
 F = Levels seen in this place.
 G = Mean time per level.
                   A        B        C        D        E       F      G
               +--------+--------+--------+--------+--------+-----+--------+
         Total |   2990 |   2865 |    125 |    730 |   1652 |   3 |  996.7 |
       Dungeon |   2990 |   2865 |    125 |    730 |   1652 |   3 |  996.7 |
               +--------+--------+--------+--------+--------+-----+--------+

Top non-repeatable levels by time:
     D:2: 1692 daAuts
     D:1: 777 daAuts
     D:3: 520 daAuts
